| TOP OF THE 1ST |
|
Minnesota Twins batting - Pitching for Texas Rangers : RHP Matt Sigurdson
|
|
Pitching: RHP Matt Sigurdson
|
|
|
Batting: RHB Yonetoshi Muranaka
|
0-0: SINGLE (Groundball, 4MD, EV 102.5 MPH)
|
|
Batting: LHB Sadamu Noguchi
|
0-0: SINGLE (Groundball, 56D, EV 104.4 MPH) Yonetoshi Muranaka to second
|
|
Batting: LHB Joel Kunkler
|
0-0: Ball 1-0: Called Strike 1-1: Ball 2-1: Foul Ball, location: 2F 2-2: Grounds into double play, 4-6-3 (Groundball, 4S, EV 81.2 MPH) Yonetoshi Muranaka to third
|
|
Batting: RHB Jesus Chavez
|
0-0: Ball 1-0: Ball 2-0: Foul Ball, location: 2F 2-1: Ground out 3-1 (Groundball, 34S, EV 95.0 MPH)
|
| Top of the 1st over - 0 runs, 2 hits, 0 errors, 1 left on base; Minnesota 0 - Texas 0 |
| BOTTOM OF THE 1ST |
|
Texas Rangers batting - Pitching for Minnesota Twins : RHP Travis Feind
|
|
Pitching: RHP Travis Feind
|
|
|
Batting: LHB Da Vo
|
0-0: Called Strike 0-1: Called Strike 0-2: Fly out, F3 (Line Drive, 3, EV 73.1 MPH)
|
|
Batting: RHB David Casas
|
0-0: Ground out 6-3 (Groundball, 6, EV 100.0 MPH)
|
|
Batting: RHB Rich Stinson
|
0-0: Called Strike 0-1: Called Strike 0-2: Ball 1-2: Ball 2-2: Ball 3-2: Foul Ball, location: 2F 3-2: Foul Ball, location: 2F 3-2: Base on Balls
|
|
Batting: SHB John Giesbrecht
|
0-0: Swinging Strike 0-1: Foul Ball, location: 2F 0-2: Ball 1-2: Foul Ball, location: 2F 1-2: Foul Ball, location: 2F 1-2: Foul Ball, location: 2F 1-2: Ball Rich Stinson steals 2nd base 2-2: SINGLE (Flyball, 7LS, EV 91.2 MPH) Rich Stinson to third Runner from 3rd tries for Home, SAFE, throw by LF to home
|
|
Batting: LHB Cody Schumacher
|
0-0: Foul Ball, location: 2F 0-1: Called Strike 0-2: Ball 1-2: Ground out 4-3 (Groundball, 4, EV 83.8 MPH)
|
| Bottom of the 1st over - 1 run, 1 hit, 0 errors, 1 left on base; Minnesota 0 - Texas 1 |
| TOP OF THE 2ND |
|
Minnesota Twins batting - Pitching for Texas Rangers : RHP Matt Sigurdson
|
|
Batting: SHB Buster Hyman
|
0-0: Foul Ball, location: 2F 0-1: Swinging Strike 0-2: Strikes out swinging
|
|
Batting: RHB Matthew Starr
|
0-0: Ball 1-0: Swinging Strike 1-1: Ball 2-1: Ball 3-1: Called Strike 3-2: Strikes out swinging
|
|
Batting: RHB Väinö Tapaninen
|
0-0: Ball 1-0: Ball 2-0: Ball 3-0: Called Strike 3-1: Ground out 6-3 (Groundball, 6, EV 93.8 MPH)
|
| Top of the 2nd over - 0 runs, 0 hits, 0 errors, 0 left on base; Minnesota 0 - Texas 1 |
| BOTTOM OF THE 2ND |
|
Texas Rangers batting - Pitching for Minnesota Twins : RHP Travis Feind
|
|
Pitching: RHP Greg Weislo
|
|
|
Batting: LHB Johan de Vries
|
0-0: Called Strike 0-1: Foul Ball, location: 2F 0-2: Ground out 6-3 (Groundball, 6, EV 76.9 MPH)
|
|
Batting: SHB Vince Ealy
|
0-0: Called Strike 0-1: Ball 1-1: SINGLE (Groundball, 4MD, EV 105.6 MPH)
|
|
Batting: RHB Edwin Madrid
|
0-0: Ball Vince Ealy steals 2nd base (no throw) 1-0: Foul Ball, location: 2F 1-1: Ball 2-1: Hit by Pitch
|
|
Batting: RHB Zhao-ji Chi
|
0-0: Called Strike 0-1: Called Strike 0-2: Ball 1-2: Ball 2-2: SINGLE (Groundball, 56, EV 96.9 MPH) (infield hit) Vince Ealy to third Edwin Madrid to second
|
|
Batting: LHB Da Vo
|
0-0: Ball 1-0: Called Strike 1-1: Foul Ball, location: 2F 1-2: Reached on error, E4 (Groundball, 13, EV 88.1 MPH) Vince Ealy scores Edwin Madrid to third Zhao-ji Chi to second
|
|
Batting: RHB David Casas
|
0-0: Foul Ball, location: 2F 0-1: Ball 1-1: Foul Ball, location: 2F 1-2: Ball 2-2: Ball 3-2: Base on Balls Edwin Madrid scores Zhao-ji Chi to third Da Vo to second
|
|
Batting: RHB Rich Stinson
|
0-0: Grounds into double play, 5-4-3 (Groundball, 56S, EV 85.6 MPH)
|
| Bottom of the 2nd over - 2 runs, 2 hits, 1 error, 2 left on base; Minnesota 0 - Texas 3 |
| TOP OF THE 3RD |
|
Minnesota Twins batting - Pitching for Texas Rangers : RHP Matt Sigurdson
|
|
Batting: RHB Vinny Luna
|
0-0: Ball 1-0: Swinging Strike 1-1: Ball 2-1: Called Strike 2-2: Strikes out swinging
|
|
Batting: RHB Josh Zoglmann
|
0-0: Called Strike 0-1: Foul Ball, location: 2F 0-2: Strikes out swinging, 2-3 out at first.
|
|
Batting: RHB Yonetoshi Muranaka
|
0-0: Called Strike 0-1: DOUBLE (Flyball, 89XD, EV 109.4 MPH)
|
|
Batting: LHB Sadamu Noguchi
|
0-0: Ball 1-0: Reached on error, E4 (Groundball, 4, EV 81.9 MPH) Yonetoshi Muranaka to third
|
|
Batting: LHB Joel Kunkler
|
0-0: Foul Ball, location: 2F 0-1: Ball 1-1: Foul Ball, location: 2F 1-2: Fielders Choice at 2nd, 6-4 (Groundball, 6, EV 97.5 MPH)
|
| Top of the 3rd over - 0 runs, 1 hit, 1 error, 2 left on base; Minnesota 0 - Texas 3 |
| BOTTOM OF THE 3RD |
|
Texas Rangers batting - Pitching for Minnesota Twins : RHP Greg Weislo
|
|
Batting: SHB John Giesbrecht
|
0-0: Ball 1-0: Ball 2-0: Foul Ball, location: 2F 2-1: Ball 3-1: Foul Ball, location: 2F 3-2: Foul Ball, location: 2F 3-2: TRIPLE (Line Drive, 89XD, EV 105.0 MPH)
|
|
Batting: LHB Cody Schumacher
|
0-0: Called Strike 0-1: Ball 1-1: Ball 2-1: Ball 3-1: Called Strike 3-2: Base on Balls
|
|
Batting: LHB Johan de Vries
|
0-0: Ball 1-0: Called Strike 1-1: Ball Cody Schumacher steals 2nd, throwing error, E2 John Giesbrecht scores Cody Schumacher to third 2-1: Foul Ball, location: 2F 2-2: Fly out, F7 (Flyball, 7S, EV 87.5 MPH) Runner from 3rd tags up, OUT at HOME! 7-2
|
|
Batting: SHB Vince Ealy
|
0-0: Ball 1-0: Foul Ball, location: 2F 1-1: Ground out U3 (Groundball, 34, EV 93.1 MPH)
|
| Bottom of the 3rd over - 1 run, 1 hit, 1 error, 0 left on base; Minnesota 0 - Texas 4 |
| TOP OF THE 4TH |
|
Minnesota Twins batting - Pitching for Texas Rangers : RHP Matt Sigurdson
|
|
Batting: RHB Jesus Chavez
|
0-0: Called Strike 0-1: Ball 1-1: SINGLE (Line Drive, 34D, EV 97.5 MPH)
|
|
Batting: SHB Buster Hyman
|
0-0: Called Strike 0-1: Ball 1-1: Ball 2-1: Swinging Strike 2-2: Foul Ball, location: 2F 2-2: Foul Ball, location: 2F 2-2: Strikes out swinging
|
|
Batting: RHB Matthew Starr
|
0-0: Called Strike 0-1: Foul Ball, location: 2F 0-2: Ball Jesus Chavez steals 2nd base 1-2: Strikes out swinging
|
|
Batting: RHB Väinö Tapaninen
|
0-0: Ball 1-0: Ball 2-0: Ground out 6-3 (Groundball, 6, EV 99.4 MPH)
|
| Top of the 4th over - 0 runs, 1 hit, 0 errors, 1 left on base; Minnesota 0 - Texas 4 |
| BOTTOM OF THE 4TH |
|
Texas Rangers batting - Pitching for Minnesota Twins : RHP Greg Weislo
|
|
Batting: RHB Edwin Madrid
|
0-0: Foul Ball, location: 2F 0-1: Ball 1-1: SINGLE (Groundball, 4MD, EV 102.5 MPH)
|
|
Batting: RHB Zhao-ji Chi
|
0-0: Called Strike 0-1: Called Strike Edwin Madrid steals 2nd base 0-2: Ground out 1-3 (Groundball, 13S, EV 65.6 MPH) Edwin Madrid to third
|
|
Batting: LHB Da Vo
|
0-0: Ball 1-0: Ground out 6-3 (Groundball, 6M, EV 96.2 MPH) Edwin Madrid scores
|
|
Batting: RHB David Casas
|
0-0: Ground out 5-3 (Groundball, 5, EV 83.8 MPH)
|
| Bottom of the 4th over - 1 run, 1 hit, 0 errors, 0 left on base; Minnesota 0 - Texas 5 |
| TOP OF THE 5TH |
|
Minnesota Twins batting - Pitching for Texas Rangers : RHP Matt Sigurdson
|
|
Batting: RHB Vinny Luna
|
0-0: Ball 1-0: Ground out 4-3 (Groundball, 4, EV 85.6 MPH)
|
|
Batting: RHB Josh Zoglmann
|
0-0: Ball 1-0: Foul Ball, location: 2F 1-1: Ball 2-1: Ball 3-1: Fly out, F8 (Line Drive, 8RD, EV 100.6 MPH)
|
|
Batting: RHB Yonetoshi Muranaka
|
0-0: Ground out 5-3 (Groundball, 56S, EV 88.8 MPH)
|
| Top of the 5th over - 0 runs, 0 hits, 0 errors, 0 left on base; Minnesota 0 - Texas 5 |
| BOTTOM OF THE 5TH |
|
Texas Rangers batting - Pitching for Minnesota Twins : RHP Greg Weislo
|
|
Batting: RHB Rich Stinson
|
0-0: Ball 1-0: Ball 2-0: Ball 3-0: Base on Balls
|
|
Batting: SHB John Giesbrecht
|
0-0: Called Strike 0-1: Ball 1-1: Grounds into double play, 6-4-3 (Groundball, 56, EV 85.6 MPH)
|
|
Batting: LHB Cody Schumacher
|
0-0: Fly out, F7 (Flyball, 7, EV 83.8 MPH)
|
| Bottom of the 5th over - 0 runs, 0 hits, 0 errors, 0 left on base; Minnesota 0 - Texas 5 |
| TOP OF THE 6TH |
|
Minnesota Twins batting - Pitching for Texas Rangers : RHP Matt Sigurdson
|
|
Batting: LHB Sadamu Noguchi
|
0-0: Ball 1-0: Ball 2-0: SOLO HOME RUN (Flyball, 9D, EV 94.4 MPH), Distance : 377 ft
|
|
Batting: LHB Joel Kunkler
|
0-0: Foul Ball, location: 2F 0-1: Ball 1-1: DOUBLE (Flyball, 8RXD, EV 91.9 MPH)
|
|
Batting: RHB Jesus Chavez
|
0-0: Ball 1-0: Called Strike 1-1: Ground out 4-3 (Groundball, 34, EV 102.5 MPH) Joel Kunkler to third
|
|
Batting: SHB Buster Hyman
|
0-0: Ball 1-0: Ball 2-0: Called Strike 2-1: Foul Ball, location: 2F 2-2: Strikes out swinging
|
|
Batting: RHB Matthew Starr
|
0-0: Ball 1-0: Fly out, F5 (Popup, 56S, EV 88.1 MPH)
|
| Top of the 6th over - 1 run, 2 hits, 0 errors, 1 left on base; Minnesota 1 - Texas 5 |
| BOTTOM OF THE 6TH |
|
Texas Rangers batting - Pitching for Minnesota Twins : RHP Greg Weislo
|
|
Batting: LHB Johan de Vries
|
0-0: Called Strike 0-1: Ball 1-1: Ground out U3 (Groundball, 34, EV 75.6 MPH)
|
|
Batting: SHB Vince Ealy
|
0-0: Fly out, F8 (Flyball, 8LS, EV 81.2 MPH)
|
|
Batting: RHB Edwin Madrid
|
0-0: Ground out U3 (Groundball, 34, EV 91.9 MPH)
|
| Bottom of the 6th over - 0 runs, 0 hits, 0 errors, 0 left on base; Minnesota 1 - Texas 5 |
| TOP OF THE 7TH |
|
Minnesota Twins batting - Pitching for Texas Rangers : RHP Matt Sigurdson
|
|
Batting: RHB Väinö Tapaninen
|
0-0: Called Strike 0-1: Ball 1-1: Called Strike 1-2: Foul Ball, location: 2F 1-2: Ball 2-2: Ball 3-2: Base on Balls
|
|
Batting: RHB Vinny Luna
|
0-0: Called Strike Väinö Tapaninen steals 2nd base 0-1: Swinging Strike 0-2: Ground out U3 (Groundball, 13, EV 87.5 MPH) Väinö Tapaninen to third
|
|
Batting: RHB Josh Zoglmann
|
0-0: Called Strike 0-1: Ball 1-1: Ball 2-1: Called Strike 2-2: Strikes out swinging
|
|
Batting: RHB Yonetoshi Muranaka
|
0-0: Ball 1-0: Fly out, F8 (Flyball, 8LD, EV 100.6 MPH)
|
| Top of the 7th over - 0 runs, 0 hits, 0 errors, 1 left on base; Minnesota 1 - Texas 5 |
| BOTTOM OF THE 7TH |
|
Texas Rangers batting - Pitching for Minnesota Twins : RHP Greg Weislo
|
|
Batting: RHB Zhao-ji Chi
|
0-0: Swinging Strike 0-1: Ball 1-1: Ball 2-1: SINGLE (Groundball, 6MD, EV 106.9 MPH)
|
|
Batting: LHB Da Vo
|
0-0: Sac Bunt to 56S - play at first, batter safe! Zhao-ji Chi to second
|
|
Batting: RHB David Casas
|
0-0: Foul Ball, location: 2F 0-1: Sac Bunt to 15S - play at first, batter OUT! 1-3 Zhao-ji Chi to third Da Vo to second
|
|
Batting: RHB Rich Stinson
|
0-0: Foul Ball, location: 2F 0-1: Ball 1-1: Called Strike 1-2: Ground out 5-3 (Groundball, 56, EV 80.0 MPH) Zhao-ji Chi scores
|
|
Batting: SHB John Giesbrecht
|
0-0: Ball 1-0: Ball 2-0: Ball 3-0: Base on Balls
|
|
Pitching: RHP Oscar Zuniga
|
|
|
Batting: LHB Cody Schumacher
|
0-0: Ball 1-0: Ball 2-0: Ball 3-0: Base on Balls Da Vo to third John Giesbrecht to second
|
|
Batting: LHB Johan de Vries
|
0-0: Swinging Strike 0-1: Ball 1-1: Swinging Strike 1-2: Ball 2-2: Ball 3-2: Base on Balls Da Vo scores John Giesbrecht to third Cody Schumacher to second
|
|
Batting: SHB Vince Ealy
|
0-0: Called Strike 0-1: Called Strike 0-2: Ball 1-2: Fly out, F9 (Flyball, 9LD, EV 86.9 MPH)
|
| Bottom of the 7th over - 2 runs, 2 hits, 0 errors, 3 left on base; Minnesota 1 - Texas 7 |
| TOP OF THE 8TH |
|
Minnesota Twins batting - Pitching for Texas Rangers : RHP Matt Sigurdson
|
|
Batting: LHB Sadamu Noguchi
|
0-0: Fly out, F7 (Flyball, 78S, EV 89.4 MPH)
|
|
Pitching: RHP John Bialon
|
|
|
Batting: LHB Joel Kunkler
|
0-0: Ball 1-0: Swinging Strike 1-1: Ball 2-1: Ground out 6-3 (Groundball, 6, EV 88.8 MPH)
|
|
Batting: RHB Jesus Chavez
|
0-0: Called Strike 0-1: SINGLE (Groundball, 34D, EV 94.4 MPH)
|
|
Batting: SHB Buster Hyman
|
0-0: Foul Ball, location: 2F 0-1: Called Strike 0-2: Ball 1-2: Strikes out swinging
|
| Top of the 8th over - 0 runs, 1 hit, 0 errors, 1 left on base; Minnesota 1 - Texas 7 |
| BOTTOM OF THE 8TH |
|
Texas Rangers batting - Pitching for Minnesota Twins : RHP Oscar Zuniga
|
|
Batting: RHB Edwin Madrid
|
0-0: Ball 1-0: Ball 2-0: Swinging Strike 2-1: SINGLE (Flyball, 6MD, EV 88.8 MPH)
|
|
Batting: RHB Zhao-ji Chi
|
0-0: Ball 1-0: Foul Ball, location: 2F 1-1: Grounds into double play, 4-6-3 (Groundball, 34, EV 108.1 MPH)
|
|
Batting: LHB Da Vo
|
0-0: Called Strike 0-1: Ball 1-1: Ball 2-1: Foul Ball, location: 2F 2-2: Foul Ball, location: 2F 2-2: Foul Ball, location: 2F 2-2: Ball 3-2: Ground out 6-3 (Groundball, 6, EV 100.0 MPH)
|
| Bottom of the 8th over - 0 runs, 1 hit, 0 errors, 0 left on base; Minnesota 1 - Texas 7 |
| TOP OF THE 9TH |
|
Minnesota Twins batting - Pitching for Texas Rangers : RHP John Bialon
|
|
Batting: RHB Matthew Starr
|
0-0: Ball 1-0: Ball 2-0: Called Strike 2-1: Called Strike 2-2: Foul Ball, location: 2F 2-2: Strikes out swinging
|
|
Batting: RHB Väinö Tapaninen
|
0-0: Swinging Strike 0-1: Swinging Strike 0-2: Ball 1-2: Ground out 3-1 (Groundball, 34, EV 80.0 MPH)
|
|
Batting: RHB Vinny Luna
|
0-0: Ground out 5-3 (Groundball, 56S, EV 78.8 MPH)
|
| Top of the 9th over - 0 runs, 0 hits, 0 errors, 0 left on base; Minnesota 1 - Texas 7 |
|